 Dungeon Crawl Stone Soup version 0.29.1-4-g47bece8355 (webtiles) character file.

Game seed: 7712789919056416414

91 tkbsonic5 the Caller (level 4, -2/36 HPs)
             Began as a Draconian Summoner on Dec 12, 2022.
             Killed by divine providence
             ... invoked by an orc priest
              (12 damage)
             ... on level 3 of the Dungeon.
             The game lasted 00:13:25 (3369 turns).

tkbsonic5 the Caller (Draconian Summoner)           Turns: 3369, Time: 00:13:26

Health: -2/36      AC:  6    Str: 10    XL:     4   Next: 34%
Magic:  8/8        EV: 12    Int: 18    God:
Gold:   152        SH:  0    Dex: 11    Spells: 2/8 levels left

rFire   . . .      SeeInvis .   b - +2 dagger (pain)
rCold   . . .      Faith    .   (no shield)
rNeg    . . .      Spirit   .   (body armour unavailable)
rPois   .          Reflect  .   (helmet restricted)
rElec   .          Harm     .   n - +0 cloak
rCorr   .          Rampage  .   (no gloves)
Will    .....                   (no boots)
Stlth   ++........              (no amulet)
HPRegen 0.12/turn               (no ring)
MPRegen 0.11/turn               (no ring)

@: very slightly contaminated
A: AC +5, unfitting armour, cold-blooded
a: no special abilities


You were on level 3 of the Dungeon.
You visited 1 branch of the dungeon, and saw 3 of its levels.

You collected 152 gold pieces.

Inventory:

Hand Weapons
 b - a +2 dagger of pain (weapon)
 c - a +0 mace
Missiles
 d - 10 poisoned darts
 f - 4 boomerangs
Armour
 n - a +0 cloak (worn)
Scrolls
 h - a scroll of enchant armour {unknown}
 k - a scroll of fog {unknown}
 m - a scroll of teleportation
 q - a scroll of blinking {unknown}
Potions
 g - a potion of might
 i - a potion of brilliance {unknown}
 j - a potion of cancellation {unknown}
 l - a potion of mutation {unknown}
 p - a potion of ambrosia {unknown}


   Skills:
 * Level 2.1 Fighting
 - Level 1.7 Dodging
 - Level 1.7 Stealth
 * Level 2.8 Spellcasting
 * Level 1.0 Hexes
 * Level 4.6 Summonings


You had 2 spell levels left.
You knew the following spells:

 Your Spells              Type           Power      Damage    Failure   Level
a - Summon Small Mammal   Summ           76%        N/A       2%          1
b - Call Imp              Summ           19%        N/A       3%          2
c - Summon Guardian Gole  Hex/Summ       12%        N/A       16%         3

Your spell library contained the following spells:

 Spells                   Type           Power      Damage    Failure   Level
 Call Canine Familiar     Summ           19%        N/A       8%          3
 Summon Lightning Spire   Summ/Air       10%        N/A       54%         4


Dungeon Overview and Level Annotations

Branches:
Dungeon (3/15)

Altars:


Innate Abilities, Weirdness & Mutations

Your plain brown scales are hard. (AC +5)
You cannot fit into any form of body armour.
You are cold-blooded and may be slowed by cold attacks.


Message History

The stone hits your bat but does no damage.
The orc closely misses your shadow imp.
Your shadow imp gestures at the kobold.
The kobold writhes in agony!
The kobold dies!
The orc priest hits your shadow imp but does no damage.
The orc hits your shadow imp with a +0 short sword.
Your shadow imp dies!
Your shadow imp disappears in a puff of smoke!
What are your orders? t - Shout!
Orders for allies: a - Attack new target. r - Retreat! s - Stop attacking. g - Guard the area. f - Follow me.
Anything else - Cancel.
Gang up on whom?
Press: ? - help, Dir - move target, f - orc priest
Aim: an orc priest, wielding a +0 dagger Attack!
Your bat barely misses the orc priest.
The orc priest invokes the aid of Beogh against you.
Your bat writhes in agony!
Your bat dies!
Your bat's corpse disappears in a puff of smoke!
Casting: Summon Small Mammal (safe; 2% risk of failure)
Confirm with . or Enter, or press ? or * to list all spells.
A beastly little devil appears in a puff of flame.
Your guardian golem overheats!
The orc priest hits your guardian golem but does no damage.
You swap places.
Your crimson imp hits the orc.
Casting: Call Imp (safe; 3% risk of failure)
Confirm with . or Enter, or press ? or * to list all spells.
You miscast Call Imp.
You are very lightly contaminated with residual magic.
Nothing appears to happen.
The orc hits your crimson imp with a +0 short sword.
Your crimson imp closely misses the orc.
Magic courses through your body.
The orc priest calls down the wrath of Beogh upon you.
Beogh smites you!
You die...

# ######.# # #......#
###......#### ..#..........
# ..#†.....##############.#
..'...................#.#
..####.#................#
### #.##############)####.#
#..........@5oo9○..!..#
#####################.######
...... ........#
####################..#
..........<)..# #..#
.........#.##.# #..#
<....#...#.##.# #..#
.....#...#.##.######..#
.....#......#.#.......#


You could see an orc priest (ally target), an orc (ally target), a friendly
guardian golem (summoned, inner flame) and a friendly crimson imp (summoned,
sheltered).

Vanquished Creatures
  A worm (D:3)
  2 endoplasms
  A goblin (D:2)
  3 hobgoblins (D:1)
  2 quokkas
  2 bats (D:3)
  5 frilled lizards (D:2)
  2 kobolds
  2 rats
20 creatures vanquished.

Vanquished Creatures (collateral kills)
  4 adders
  An orc (D:3)
  4 ball pythons
  3 bats
  3 endoplasms
  A giant cockroach (D:3)
  2 goblins (D:1)
  2 hobgoblins
  A quokka (D:1)
  5 frilled lizards
  2 kobolds
  3 rats
31 creatures vanquished.

Vanquished Creatures (others)
  10 plants (D:2)
10 creatures vanquished.

Grand Total: 61 creatures vanquished

Notes
Turn   | Place    | Note
-------+----------+-------------------------------------------
     0 | D:1      | tkbsonic5 the Draconian Summoner began the quest for the
                  | Orb.
     0 | D:1      | Reached XP level 1. HP: 14/14 MP: 3/3
   399 | D:1      | Reached XP level 2. HP: 22/22 MP: 0/5
   462 | D:1      | Reached skill level 1 in Fighting
   487 | D:1      | Learned a level 2 spell: Call Imp
  1332 | D:2      | Reached XP level 3. HP: 26/28 MP: 0/6
  1341 | D:2      | Learned a level 3 spell: Summon Guardian Golem
  1710 | D:2      | Found a faded altar of an unknown god.
  2845 | D:3      | Reached XP level 4. HP: 30/36 MP: 1/8
  3360 | D:3      | Reached skill level 1 in Hexes
  3369 | D:3      | Killed from afar by an orc priest

Illustrated notes

Levels and vault maps discovered:
D:1:      minmay_arrival_up_and_down, layout_basic
D:2:      wad_lake_hut, layout_loops_ring,
          hellmonk_ecumenical_altar_arch_garden, hangedman_decor_points,
          minmay_lizard_king
D:3:      layout_basic

Skill      XL: |  1  2  3  4 |
---------------+-------------+-----
Fighting       | 1 2 |  2.1
Hexes          | 1 |  1.0
Dodging        | |  1.7
Stealth        | |  1.7
Spellcasting   | |  2.8
Summonings     | |  4.6

Action                   |  1- 3 |  4- 6 || total
-------------------------+-------+-------++-------
Melee: Dagger            |    92 |    18 ||   110
       Tailslap          |    11 |     3 ||    14
       Punch             |     1 |       ||     1
 Cast: Summon Small Mamm |    34 |     9 ||    43
       Call Imp          |    15 |     6 ||    21
       Summon Guardian G |     5 |     3 ||     8
  Use: Scroll            |     1 |     5 ||     6
       Potion            |       |     1 ||     1
 Stab: Sleeping          |     2 |       ||     2
       Distracted        |     1 |       ||     1
Armor: Skin              |    36 |    12 ||    48
Dodge: Dodged            |    66 |    14 ||    80
